TOP OF THE 1ST |
Delmarva Shorebirds batting - Pitching for West Michigan Whitecaps : RHP Jared Barger
|
Pitching: RHP Jared Barger
|
|
Batting: RHB Carlos Teniente
|
0-0: Called Strike 0-1: SINGLE (Groundball, 4MD, EV 100.6 MPH)
|
Batting: LHB Antonio Gutierrez
|
0-0: Foul Ball, location: 2F 0-1: Ball 1-1: Ball 2-1: Fielders Choice at 2nd, 3-6 (Groundball, 3, EV 89.4 MPH)
|
Batting: LHB Sam Williams
|
0-0: Ball 1-0: Called Strike 1-1: Foul Ball, location: 2F 1-2: 2-RUN HOME RUN (Flyball, 9D, EV 93.1 MPH), Distance : 367 ft
|
Batting: LHB Xue-liang Zhou
|
0-0: Foul Ball, location: 2F 0-1: Ball 1-1: Foul Ball, location: 2F 1-2: Ball 2-2: Strikes out swinging
|
Batting: RHB Matthew Neal
|
0-0: SINGLE (Groundball, 6MD, EV 100.0 MPH)
|
Batting: RHB Marquis Major
|
0-0: Ball 1-0: Foul Ball, location: 2F 1-1: Called Strike 1-2: Foul Ball, location: 2F 1-2: Foul Ball, location: 2F 1-2: Ball 2-2: Strikes out swinging
|
Top of the 1st over - 2 runs, 3 hits, 0 errors, 1 left on base; Delmarva 2 - West Michigan 0 |
BOTTOM OF THE 1ST |
West Michigan Whitecaps batting - Pitching for Delmarva Shorebirds : LHP Jason Williams
|
Pitching: LHP Jason Williams
|
|
Batting: RHB Janne Vihko
|
0-0: Ball 1-0: SINGLE (Line Drive, 56, EV 98.1 MPH)
|
Batting: RHB Jon Goldstein
|
0-0: Ball 1-0: Ball 2-0: Swinging Strike 2-1: Ball 3-1: Foul Ball, location: 2F 3-2: Strikes out swinging
|
Batting: RHB Joel Miller
|
0-0: Called Strike 0-1: Swinging Strike 0-2: Strikes out swinging
|
Batting: RHB J.J. Basil
|
0-0: Called Strike 0-1: Ball 1-1: Ball 2-1: Called Strike Janne Vihko is caught stealing 2nd base 2-4
|
Bottom of the 1st over - 0 runs, 1 hit, 0 errors, 0 left on base; Delmarva 2 - West Michigan 0 |
TOP OF THE 2ND |
Delmarva Shorebirds batting - Pitching for West Michigan Whitecaps : RHP Jared Barger
|
Batting: LHB Chris Barrera
|
0-0: Called Strike 0-1: Foul Ball, location: 2F 0-2: Ball 1-2: Foul Ball, location: 2F 1-2: Ball 2-2: Ball 3-2: Foul Ball, location: 2F 3-2: Foul Ball, location: 2F 3-2: Foul Ball, location: 2F 3-2: Ground out U3 (Groundball, 3L, EV 81.9 MPH)
|
Batting: RHB Han-seung Hah
|
0-0: Swinging Strike 0-1: Foul Ball, location: 2F 0-2: Ball 1-2: DOUBLE (Groundball, 3L, EV 105.6 MPH)
|
Batting: RHB Juan Eyrich
|
0-0: Called Strike 0-1: Ground out U3 (Groundball, 3L, EV 81.9 MPH) Han-seung Hah to third
|
Batting: RHB Carlos Teniente
|
0-0: Fly out, F8 (Flyball, 89D, EV 95.6 MPH)
|
Top of the 2nd over - 0 runs, 1 hit, 0 errors, 1 left on base; Delmarva 2 - West Michigan 0 |
BOTTOM OF THE 2ND |
West Michigan Whitecaps batting - Pitching for Delmarva Shorebirds : LHP Jason Williams
|
Batting: RHB J.J. Basil
|
0-0: Swinging Strike 0-1: Ball 1-1: Ball 2-1: SINGLE (Groundball, 6D, EV 98.8 MPH)
|
Batting: RHB Norm Wood
|
0-0: Ball 1-0: Fielders Choice at 2nd, 5-4 (Groundball, 5L, EV 108.8 MPH)
|
Batting: LHB Jamie Christian
|
0-0: Ball 1-0: Ball 2-0: Ball 3-0: Base on Balls Norm Wood to second
|
Batting: SHB Chris Wagler
|
0-0: Called Strike 0-1: Grounds into double play, 6-4-3 (Groundball, 6, EV 103.8 MPH)
|
Bottom of the 2nd over - 0 runs, 1 hit, 0 errors, 1 left on base; Delmarva 2 - West Michigan 0 |
TOP OF THE 3RD |
Delmarva Shorebirds batting - Pitching for West Michigan Whitecaps : RHP Jared Barger
|
Batting: LHB Antonio Gutierrez
|
0-0: Ball 1-0: Ground out 4-3 (Groundball, 4, EV 78.8 MPH)
|
Batting: LHB Sam Williams
|
0-0: Ball 1-0: Ball 2-0: Called Strike 2-1: Fly out, F8 (Flyball, 8LM, EV 83.8 MPH)
|
Batting: LHB Xue-liang Zhou
|
0-0: Ball 1-0: Ball 2-0: Fly out, F8 (Flyball, 8LXD, EV 103.8 MPH)
|
Top of the 3rd over - 0 runs, 0 hits, 0 errors, 0 left on base; Delmarva 2 - West Michigan 0 |
BOTTOM OF THE 3RD |
West Michigan Whitecaps batting - Pitching for Delmarva Shorebirds : LHP Jason Williams
|
Batting: RHB Jose Evangelista
|
0-0: Foul Ball, location: 2F 0-1: Ball 1-1: Ball 2-1: Ball 3-1: Base on Balls
|
Batting: LHB Nick Nino
|
0-0: Ball Jose Evangelista steals 2nd base 1-0: Called Strike 1-1: Ground out 4-3 (Groundball, 4D, EV 103.1 MPH) Jose Evangelista to third
|
Batting: RHB Janne Vihko
|
0-0: Ball 1-0: Ball 2-0: Foul Ball, location: 2F 2-1: Fly out, F8 (Line Drive, 8LD, EV 101.9 MPH) Runner from 3rd tags up, SCORES, throw by CF
|
Batting: RHB Jon Goldstein
|
0-0: Called Strike 0-1: Ball 1-1: Foul Ball, location: 2F 1-2: SINGLE (Groundball, 3D, EV 95.0 MPH)
|
Batting: RHB Joel Miller
|
0-0: Called Strike 0-1: Foul Ball, location: 2F 0-2: Strikes out looking
|
Bottom of the 3rd over - 1 run, 1 hit, 0 errors, 1 left on base; Delmarva 2 - West Michigan 1 |
TOP OF THE 4TH |
Delmarva Shorebirds batting - Pitching for West Michigan Whitecaps : RHP Jared Barger
|
Batting: RHB Matthew Neal
|
0-0: Ball 1-0: Called Strike 1-1: Ball 2-1: Called Strike 2-2: Ground out 4-3 (Groundball, 4, EV 91.9 MPH)
|
Batting: RHB Marquis Major
|
0-0: Swinging Strike 0-1: Ball 1-1: Fly out, F8 (Flyball, 8RD, EV 87.5 MPH)
|
Batting: LHB Chris Barrera
|
0-0: Called Strike 0-1: Called Strike 0-2: Ball 1-2: Foul Ball, location: 2F 1-2: Ball 2-2: Strikes out looking
|
Top of the 4th over - 0 runs, 0 hits, 0 errors, 0 left on base; Delmarva 2 - West Michigan 1 |
BOTTOM OF THE 4TH |
West Michigan Whitecaps batting - Pitching for Delmarva Shorebirds : LHP Jason Williams
|
Batting: RHB J.J. Basil
|
0-0: Ball 1-0: Ball 2-0: Foul Ball, location: 2F 2-1: Fly out, F7 (Flyball, 7S, EV 91.2 MPH)
|
Batting: RHB Norm Wood
|
0-0: Called Strike 0-1: Ground out 4-3 (Groundball, 4, EV 100.0 MPH)
|
Batting: LHB Jamie Christian
|
0-0: Called Strike 0-1: Swinging Strike 0-2: Strikes out swinging
|
Bottom of the 4th over - 0 runs, 0 hits, 0 errors, 0 left on base; Delmarva 2 - West Michigan 1 |
TOP OF THE 5TH |
Delmarva Shorebirds batting - Pitching for West Michigan Whitecaps : RHP Jared Barger
|
Batting: RHB Han-seung Hah
|
0-0: Called Strike 0-1: Foul Ball, location: 2F 0-2: Ball 1-2: SINGLE (Line Drive, 4M, EV 103.8 MPH)
|
Batting: RHB Juan Eyrich
|
0-0: Ground out 4-3 (Groundball, 13, EV 88.8 MPH) Han-seung Hah to second
|
Batting: RHB Carlos Teniente
|
0-0: Called Strike 0-1: Swinging Strike 0-2: Strikes out swinging
|
Batting: LHB Antonio Gutierrez
|
0-0: Foul Ball, location: 2F 0-1: Foul Ball, location: 2F 0-2: Ball 1-2: Ball 2-2: Foul Ball, location: 2F 2-2: Foul Ball, location: 2F 2-2: Ground out U3 (Groundball, 34S, EV 82.5 MPH)
|
Top of the 5th over - 0 runs, 1 hit, 0 errors, 1 left on base; Delmarva 2 - West Michigan 1 |
BOTTOM OF THE 5TH |
West Michigan Whitecaps batting - Pitching for Delmarva Shorebirds : LHP Jason Williams
|
Batting: SHB Chris Wagler
|
0-0: Ball 1-0: Called Strike 1-1: Bunt for hit to 15 - play at first, batter OUT! 1-3
|
Batting: RHB Jose Evangelista
|
0-0: Called Strike 0-1: Foul Ball, location: 2F 0-2: Ball 1-2: Ground out 1-3 (Groundball, 13, EV 69.4 MPH)
|
Batting: LHB Nick Nino
|
0-0: Ball 1-0: Ball 2-0: Foul Ball, location: 2F 2-1: Called Strike 2-2: Strikes out swinging
|
Bottom of the 5th over - 0 runs, 0 hits, 0 errors, 0 left on base; Delmarva 2 - West Michigan 1 |
TOP OF THE 6TH |
Delmarva Shorebirds batting - Pitching for West Michigan Whitecaps : RHP Jared Barger
|
Batting: LHB Sam Williams
|
0-0: Ground out 4-3 (Groundball, 4, EV 101.9 MPH)
|
Batting: LHB Xue-liang Zhou
|
0-0: Called Strike 0-1: Ground out 5-3 (Groundball, 6, EV 89.4 MPH)
|
Batting: RHB Matthew Neal
|
0-0: Called Strike 0-1: Ball 1-1: Called Strike 1-2: Ball 2-2: Ball 3-2: Ground out 6-3 (Groundball, 6S, EV 74.4 MPH)
|
Top of the 6th over - 0 runs, 0 hits, 0 errors, 0 left on base; Delmarva 2 - West Michigan 1 |
BOTTOM OF THE 6TH |
West Michigan Whitecaps batting - Pitching for Delmarva Shorebirds : LHP Jason Williams
|
Batting: RHB Janne Vihko
|
0-0: Called Strike 0-1: Fly out, F7 (Flyball, 78M, EV 85.6 MPH)
|
Batting: RHB Jon Goldstein
|
0-0: Called Strike 0-1: Fly out, F9 (Line Drive, 9S, EV 85.6 MPH)
|
Batting: RHB Joel Miller
|
0-0: Ball 1-0: Ball 2-0: Foul Ball, location: 2F 2-1: Foul Ball, location: 2F 2-2: Strikes out swinging
|
Bottom of the 6th over - 0 runs, 0 hits, 0 errors, 0 left on base; Delmarva 2 - West Michigan 1 |
TOP OF THE 7TH |
Delmarva Shorebirds batting - Pitching for West Michigan Whitecaps : RHP Jared Barger
|
Batting: RHB Marquis Major
|
0-0: Ball 1-0: Foul Ball, location: 2F 1-1: Foul Ball, location: 2F 1-2: Ball 2-2: Fly out, F9 (Line Drive, 9S, EV 86.2 MPH)
|
Batting: LHB Chris Barrera
|
0-0: Ball 1-0: Ball 2-0: Called Strike 2-1: Ball 3-1: Base on Balls
|
Batting: RHB Han-seung Hah
|
0-0: Ball 1-0: Fly out, F8 (Line Drive, 8RXD, EV 110.0 MPH)
|
Pitching: RHP Rick Young
|
|
Batting: RHB Juan Eyrich
|
0-0: Called Strike 0-1: Ball 1-1: Called Strike 1-2: Ball 2-2: Strikes out swinging
|
Top of the 7th over - 0 runs, 0 hits, 0 errors, 1 left on base; Delmarva 2 - West Michigan 1 |
BOTTOM OF THE 7TH |
West Michigan Whitecaps batting - Pitching for Delmarva Shorebirds : LHP Jason Williams
|
Batting: RHB J.J. Basil
|
0-0: Ball 1-0: Ball 2-0: Ball 3-0: Called Strike 3-1: Foul Ball, location: 2F 3-2: Foul Ball, location: 2F 3-2: Fly out, F7 (Flyball, 78S, EV 85.6 MPH)
|
Batting: RHB Norm Wood
|
0-0: Foul Ball, location: 2F 0-1: Called Strike 0-2: Strikes out swinging
|
Batting: LHB Jamie Christian
|
0-0: Ball 1-0: Called Strike 1-1: Foul Ball, location: 2F 1-2: Hit by Pitch
|
Pitching: LHP Lawson Noseworthy
|
|
Batting: SHB Chris Wagler
|
0-0: Called Strike 0-1: Ball 1-1: Called Strike 1-2: Foul Ball, location: 2F 1-2: Strikes out looking
|
Bottom of the 7th over - 0 runs, 0 hits, 0 errors, 1 left on base; Delmarva 2 - West Michigan 1 |
TOP OF THE 8TH |
Delmarva Shorebirds batting - Pitching for West Michigan Whitecaps : RHP Rick Young
|
Batting: RHB Carlos Teniente
|
0-0: Reached on error, E5 (Groundball, 56, EV 98.1 MPH)
|
Batting: LHB Antonio Gutierrez
|
0-0: Bunted foul 0-1: Ball 1-1: Ball 2-1: Sac Bunt to 2L - play at first, batter OUT! 2-3 Carlos Teniente to second
|
Batting: LHB Sam Williams
|
0-0: Called Strike 0-1: Ball 1-1: Swinging Strike 1-2: Ball 2-2: Strikes out looking
|
Batting: LHB Xue-liang Zhou
|
0-0: Ground out 6-3 (Groundball, 4M, EV 84.4 MPH)
|
Top of the 8th over - 0 runs, 0 hits, 1 error, 1 left on base; Delmarva 2 - West Michigan 1 |
BOTTOM OF THE 8TH |
West Michigan Whitecaps batting - Pitching for Delmarva Shorebirds : LHP Lawson Noseworthy
|
Batting: RHB Jose Evangelista
|
0-0: Swinging Strike 0-1: Swinging Strike 0-2: Strikes out swinging
|
Pinch Hitting: RHB Tanner Purchase
|
0-0: Ball 1-0: Ball 2-0: Ball 3-0: Base on Balls
|
Batting: RHB Janne Vihko
|
0-0: Ball Tanner Purchase is caught stealing 2nd base 2-4 1-0: Ball 2-0: Fly out, F6 (Line Drive, 6, EV 71.2 MPH)
|
Bottom of the 8th over - 0 runs, 0 hits, 0 errors, 0 left on base; Delmarva 2 - West Michigan 1 |
TOP OF THE 9TH |
Delmarva Shorebirds batting - Pitching for West Michigan Whitecaps : RHP Rick Young
|
Pitching: RHP Eddie Hodgson
|
|
Now in LF: Tanner Purchase
|
|
Batting: RHB Matthew Neal
|
0-0: Called Strike 0-1: Foul Ball, location: 2F 0-2: Ball 1-2: Foul Ball, location: 2F 1-2: Ball 2-2: Strikes out swinging
|
Batting: RHB Marquis Major
|
0-0: Called Strike 0-1: Foul Ball, location: 2F 0-2: Ball 1-2: Foul Ball, location: 2F 1-2: Ball 2-2: Ball 3-2: Fly out, F7 (Flyball, 7D, EV 99.4 MPH)
|
Batting: LHB Chris Barrera
|
0-0: Ball 1-0: Foul Ball, location: 2F 1-1: Fly out, F8 (Line Drive, 78D, EV 109.4 MPH)
|
Top of the 9th over - 0 runs, 0 hits, 0 errors, 0 left on base; Delmarva 2 - West Michigan 1 |
BOTTOM OF THE 9TH |
West Michigan Whitecaps batting - Pitching for Delmarva Shorebirds : LHP Lawson Noseworthy
|
Pitching: RHP Harley Hyde
|
|
Batting: RHB Jon Goldstein
|
0-0: SOLO HOME RUN (Line Drive, 7D, EV 103.8 MPH), Distance : 396 ft
|
Batting: RHB Joel Miller
|
0-0: Ball 1-0: Called Strike 1-1: Called Strike 1-2: DOUBLE (Flyball, 8RXD, EV 114.4 MPH)
|
Pinch Hitting: LHB Jon Frederick
|
0-0: Intentional Walk
|
Batting: RHB Norm Wood
|
0-0: Ball 1-0: Ball 2-0: Fly out, F9 (Flyball, 9D, EV 105.0 MPH) Runner from 2nd tags up, SAFE at 3rd, no throw by RF
|
Batting: LHB Jamie Christian
|
0-0: Fly out, F7 (Flyball, 7, EV 91.2 MPH) Runner from 3rd tags up, SCORES, throw by LF
|
Bottom of the 9th over - 2 runs, 2 hits, 0 errors, 1 left on base; Delmarva 2 - West Michigan 3 |
|